 Dungeon Crawl Stone Soup version 0.32-a0-314-g526f7d4993 (webtiles) character file.

Game seed: 11132014866916815820

6261 Aldia the Covert (level 10, -4/59 HPs)
             Began as a Vampire Enchanter on Feb 15, 2024.
             Was a Priest of Kikubaaqudgha.
             Slain by a yak (8 damage)
             ... on level 9 of the Dungeon.
             The game lasted 00:21:14 (7665 turns).

Aldia the Covert (Vampire Enchanter)                Turns: 7665, Time: 00:21:15

Health: -4/59      AC:  7    Str:  7    XL:     10   Next: 62%
Magic:  7/16       EV: 16    Int: 18    God:    Kikubaaqudgha [***...]
Gold:   279        SH:  0    Dex: 19    Spells: 3/18 levels left

rFire   . . .        I - +2 dagger (venom)
rCold   + + +        (no shield)
rNeg    + + +        b - +0 robe
rPois   ∞            r - +0 helmet
rElec   .            E - +2 cloak
rCorr   .            (no gloves)
SInv    +            n - +0 pair of boots
Will    +....        w - amulet of magic regeneration
Stlth   +++++++      a - ring of protection from cold
HPRegen 0.00/turn    (no ring)
MPRegen 0.55/turn

%: no passive effects
@: animating dead, bloodless, inhibited regen
A: bloodless, fangs 3, see invisible, vampiric 2
a: Bat Form, Revivify, Renounce Religion, Unearth Wretches


You were on level 9 of the Dungeon.
You worshipped Kikubaaqudgha.
Kikubaaqudgha was most pleased with you.
You visited 2 branches of the dungeon, and saw 10 of its levels.

You collected 482 gold pieces.
You spent 203 gold pieces at shops.

Inventory:

Hand Weapons
 s - a +1 dagger of flaming
 A - a +4 rapier
 I - a +2 dagger of venom (weapon)
Missiles
 J - a throwing net (quivered)
Armour
 b - a +0 robe (worn)
 n - a +0 pair of boots (worn)
 r - a +0 helmet (worn)
 y - an orb of mayhem
 E - a +2 cloak (worn)
Magical Staves
 f - a staff of earth
 K - a staff of death
Jewellery
 a - a ring of protection from cold (left hand)
 p - an amulet of faith
 w - an amulet of magic regeneration (around neck)
Talismans
 t - a maw talisman
 B - a serpent talisman
Wands
 x - a wand of flame (21)
 G - a wand of light (12)
Scrolls
 d - 2 scrolls of immolation
 g - 2 scrolls of revelation
 h - 3 scrolls of enchant weapon
 j - 3 scrolls of teleportation
 k - 6 scrolls of poison
 l - a scroll of amnesia
 u - 3 scrolls of blinking
 F - a scroll of vulnerability {unknown}
Potions
 c - a potion of invisibility
 e - a potion of lignification {unknown}
 i - 3 potions of brilliance
 m - 2 potions of might
 o - a potion of curing {unknown}
 q - 4 potions of attraction
 v - 4 potions of mutation
 z - a potion of magic {unknown}
 C - a potion of cancellation {unknown}
 D - a potion of berserk rage
 H - a potion of haste {unknown}


   Skills:
 - Level 5.0 Fighting
 - Level 8.0 Short Blades
 - Level 7.0 Dodging
 * Level 11.8 Stealth
 + Level 4.5 Spellcasting
 - Level 9.0 Hexes
 + Level 6.6 Necromancy
 - Level 1.0 Ice Magic


You had 3 spell levels left.
You knew the following spells:

 Your Spells              Type           Power      Damage    Failure   Level
a - Ensorcelled Hibernat  Hex/Ice        44%        N/A       2%          2
b - Confusing Touch       Hex            36%        N/A       1%          3
c - Tukima's Dance        Hex            36%        N/A       1%          3
d - Animate Dead          Necr           28%        N/A       9%          4
e - Dazzling Flash        Conj/Hex       40%        N/A       7%          3

Your spell library contained the following spells:

 Spells                   Type           Power      Damage    Failure   Level
 Sublimation of Blood     Necr           28%        N/A       1%          2
 Vampiric Draining        Necr           28%        2d8       2%          3
 Kiss of Death            Conj/Necr      64%        2d10      3%          1
 Sandblast                Erth           8%         2d5       14%         1
 Shock                    Conj/Air       16%        1d4       14%         1
 Passwall                 Erth           4%         N/A       38%         3
 Stone Arrow              Conj/Erth      8%         3d7       38%         3
 Swiftness                Air            4%         N/A       38%         3
 Anguish                  Hex/Necr       16%        N/A       5%          4
 Dispel Undead            Necr           28%        3d13      9%          4
 Curse of Agony           Necr           28%        N/A       24%         5
 Martyr's Knell           Necr/Summ      16%        N/A       34%         4
 Airstrike                Air            2%         2d(1-17)  80%         4
 Brom's Barrelling Bould  Conj/Erth      4%         2d3       80%         4


Dungeon Overview and Level Annotations

Branches:
Dungeon (9/15)             Temple (1/1) D:6
   Lair: D:8-11         Orc: D:9-12

Altars:
Ashenzari
Cheibriados
Dithmenos
Fedhas
Gozag
Hepliaklqana
Kikubaaqudgha
Makhleb
Nemelex Xobeh
Okawaru
Qazlal
Ru
Sif Muna
Trog
Uskayaw
Vehumet
Wu Jian
Xom
Yredelemnul

Shops:
D:2 *   D:3 [   D:5 :   D:7 *   D:8 *

Annotations:
D:6 exclusion: statue
D:7 3 runed translucent doors


Innate Abilities, Weirdness & Mutations

You do not regenerate when monsters are visible.
You are frail without blood (-20% HP).
You can heal yourself when you bite living creatures.
You are immune to poison.
You have razor-sharp teeth.
You have supernaturally acute eyesight. (SInv)
You are afflicted with vampirism and can become a bat while bloodless.


Message History

Unknown command.
The helpless electric eel fails to defend itself.
You bite the electric eel, and draw its blood!
You feel better.
You stick the electric eel like a pincushion!!!!
You kill the electric eel!
Kikubaaqudgha accepts your kill. The yak gores you but does no damage.
The gnoll bouda barely misses you.
Unknown command.
Casting: Ensorcelled Hibernation (safe; 2% risk of failure)
Confirm with . or Enter, or press ? or * to list all spells.
Aiming: Ensorcelled Hibernation (safe; 2% risk of failure)
Press: ? - help, Shift-Dir - straight line, f - komodo dragon
Aim: a komodo dragon (chance to affect: 37%)
The komodo dragon easily resists.
The komodo dragon completely misses you.
The yak gores you but does no damage. x2; The gnoll bouda closely misses you.
Unknown command.
Unknown command.
Casting: Ensorcelled Hibernation (safe; 2% risk of failure)
Confirm with . or Enter, or press ? or * to list all spells.
Aiming: Ensorcelled Hibernation (safe; 2% risk of failure)
Press: ? - help, Shift-Dir - straight line, f/p - komodo dragon
Aim: a komodo dragon (chance to affect: 37%)
The komodo dragon easily resists.
The komodo dragon bites you!!
The yak misses you. x2; The gnoll bouda misses you.
Unknown command.
Unknown command.
Casting: Ensorcelled Hibernation (safe; 2% risk of failure)
Confirm with . or Enter, or press ? or * to list all spells.
You don't know that spell.
Unknown command.
Casting: Ensorcelled Hibernation (safe; 2% risk of failure)
Confirm with . or Enter, or press ? or * to list all spells.
You call upon the dead to rise.
The komodo dragon bites you!!
Ouch! That really hurt!
* * * LOW HITPOINT WARNING * * *
The yak gores you!
You die...
Kikubaaqudgha rasps: You have failed me!
Welcome... oblivion!

#.).....#.. #..#
##.....### # .##...#
##......## ......
#......)..## ###
.........^####...#####..
##...##### ##.........
##..~..## ###.†.....
##..~~~.Y## ##......
#..~~~~Yl@## #......
..~~~~~~Yg.#
#######....##
.~~~~~~~~Y.###.........##
..~~~~~~~..#...........#
#..~~~~~..#..#######..##
##..~~~..##.## ####
##########..~..##.## ####
........###...##.. ##...
........#####.#..# ##....


You could see a komodo dragon, 4 yaks and a gnoll bouda.

Vanquished Creatures
  A two-headed ogre (D:7)
  Pikel (D:5)
  A deep elf pyromancer (D:9)
  Jeremiah (D:6)
  Prince Ribbit (D:7)
  A hornet (D:9)
  Eustachio (D:4)
  A yak (D:9)
  An acid dragon (D:8)
  2 water moccasins
  3 orc warriors
  A sky beast (D:7)
  A black bear (D:5)
  2 ice beasts (D:7)
  2 ogres (D:5)
  2 lemures (D:5)
  3 centaurs
  2 phantoms
  A kobold brigand (D:7)
  4 bullfrogs
  4 scorpions
  5 killer bees (D:8)
  An electric eel (D:9)
  5 howler monkeys
  3 bombardier beetles
  2 jellies
  4 hounds
  2 orc priests
  2 gnoll boudas
  Crazy Yiuf (D:6)
  6 iguanas
  13 orc wizards
  Robin (D:4)
  11 adders
  11 gnolls
  2 white imps
  A ribbon worm (D:2)
  24 orcs
  7 endoplasms
  4 giant cockroaches
  8 goblins
  5 hobgoblins
  3 jackals (D:1)
  4 kobolds
  6 ball pythons
  4 bats
  2 frilled lizards (D:2)
  2 rats
175 creatures vanquished.

Vanquished Creatures (collateral kills)
  A gnoll bouda (D:9)
  A gnoll (D:9)
2 creatures vanquished.

Vanquished Creatures (others)
  A goblin (D:4)
1 creature vanquished.

Grand Total: 178 creatures vanquished

Notes
Turn   | Place    | Note
-------+----------+-------------------------------------------
     0 | D:1      | Aldia the Vampire Enchanter began the quest for the Orb.
     0 | D:1      | Reached XP level 1. HP: 13/13 MP: 3/3
   224 | D:1      | Reached XP level 2. HP: 11/15 MP: 5/5
   227 | D:1      | Learned a level 2 spell: Ensorcelled Hibernation
   330 | D:1      | Reached skill level 5 in Stealth
   496 | D:1      | Found a faded altar of an unknown god.
   699 | D:1      | Gained mutation: You are afflicted with vampirism and can
                  | become a bat while bloodless. [Vampire growth]
   699 | D:1      | Reached XP level 3. HP: 19/19 MP: 6/6
   703 | D:1      | Learned a level 3 spell: Confusing Touch
   960 | D:2      | Reached skill level 1 in Ice Magic
  1266 | D:2      | Reached XP level 4. HP: 18/24 MP: 7/7
  1336 | D:2      | Found Acenaemn's Assorted Antiques.
  1339 | D:2      | Bought a sapphire potion for 25 gold pieces
  1339 | D:2      | Bought a scroll labelled NAGU OTI VYE for 28 gold pieces
  1339 | D:2      | Bought a smoky yellow potion for 25 gold pieces
  1339 | D:2      | Bought a scroll labelled NAGU OTI VYE for 28 gold pieces
  1425 | D:3      | Reached skill level 6 in Stealth
  1630 | D:3      | Found an opulent altar of Gozag.
  1752 | D:3      | Found Roicoah's Antique Armour Shoppe.
  1945 | D:4      | Reached skill level 5 in Hexes
  1945 | D:4      | Reached XP level 5. HP: 28/28 MP: 8/8
  2009 | D:4      | Identified the +3 hand axe of Proximity {holy, rElec rF+}
  2119 | D:4      | Noticed Robin
  2130 | D:4      | Reached skill level 7 in Stealth
  2139 | D:4      | Killed Robin
  2434 | D:4      | Found an ancient bone altar of Kikubaaqudgha.
  2454 | D:4      | Became a worshipper of Kikubaaqudgha
  2559 | D:4      | Reached XP level 6. HP: 32/32 MP: 3/9
  2563 | D:4      | Learned a level 3 spell: Tukima's Dance
  2622 | D:4      | Noticed Eustachio
  2629 | D:4      | Killed Eustachio
  2630 | D:4      | Reached skill level 5 in Short Blades
  2630 | D:4      | Reached skill level 8 in Stealth
  2960 | D:5      | Entered Level 5 of the Dungeon
  3096 | D:5      | Reached XP level 7. HP: 10/37 MP: 8/11
  3220 | D:5      | Reached skill level 1 in Fighting
  3307 | D:5      | Found Dointoj's Self-Improvement Boutique.
  3536 | D:5      | Noticed Pikel
  3543 | D:5      | Killed Pikel
  3544 | D:5      | Reached XP level 8. HP: 47/48 MP: 9/14
  3829 | D:5      | Reached * piety under Kikubaaqudgha
  3829 | D:5      | Received a gift from Kikubaaqudgha
  3835 | D:5      | Learned a level 4 spell: Animate Dead
  3890 | D:6      | Noticed Jeremiah
  3901 | D:6      | Killed Jeremiah
  3902 | D:6      | Reached skill level 5 in Dodging
  4048 | D:6      | Found a radiant altar of Vehumet.
  4089 | D:6      | Found a staircase to the Ecumenical Temple.
  4099 | Temple   | Entered the Ecumenical Temple
  4133 | D:6      | Found a hide-covered altar of Uskayaw.
  4258 | D:6      | Reached XP level 9. HP: 52/52 MP: 15/15
  4671 | D:6      | Found a runed translucent door.
  4672 | D:6      | Noticed Crazy Yiuf
  4681 | D:6      | Killed Crazy Yiuf
  5046 | D:7      | Noticed Prince Ribbit
  5050 | D:7      | Killed Prince Ribbit
  5055 | D:7      | Reached ** piety under Kikubaaqudgha
  5214 | D:7      | Found a shimmering blue altar of Sif Muna.
  5308 | D:7      | Found Keeme's Assorted Antiques.
  5311 | D:7      | Bought a scroll labelled ULUIXU NUIR for 33 gold pieces
  5311 | D:7      | Bought a scroll labelled ULUIXU NUIR for 33 gold pieces
  5392 | D:7      | Found a sparkling altar of Nemelex Xobeh.
  5393 | D:7      | Found a shimmering altar of Xom.
  5530 | D:7      | Reached skill level 5 in Fighting
  5554 | D:7      | Learned a level 3 spell: Dazzling Flash
  5573 | D:7      | Noticed a two-headed ogre
  5588 | D:7      | Killed a two-headed ogre
  5589 | D:7      | Reached skill level 5 in Necromancy
  5589 | D:7      | Reached XP level 10. HP: 13/59 MP: 10/16
  5789 | D:7      | Found a runed translucent door.
  5789 | D:7      | Noticed a centaur warrior
  5789 | D:7      | Noticed a skeletal warrior
  5791 | D:7      | Found a runed translucent door.
  5791 | D:7      | Found a runed translucent door.
  6081 | D:8      | Found Asirgheh's Assorted Antiques.
  6084 | D:8      | Reached skill level 9 in Stealth
  6085 | D:8      | Bought a scroll labelled JUYD ERIJUSTA for 31 gold pieces
  6204 | D:8      | Found a bloodstained altar of Trog.
  6491 | D:8      | Found a burning altar of Makhleb.
  6779 | D:8      | Reached skill level 10 in Stealth
  6873 | D:9      | Reached *** piety under Kikubaaqudgha
  6873 | D:9      | Received a gift from Kikubaaqudgha
  7189 | D:9      | Reached skill level 11 in Stealth
  7384 | D:9      | Noticed a deep elf pyromancer
  7395 | D:9      | Killed a deep elf pyromancer
  7397 | D:9      | HP: 1/59 [burnt (11)]
  7665 | D:9      | Slain by a yak

Illustrated notes

Levels and vault maps discovered:
D:1:      tarquinn_simple_flora_water_a, layout_basic,
          hellmonk_ecumenical_altar_blasted
D:2:      layout_rooms, serial_shops, nicolae_shop_tiny_real_fake_doors
D:3:      layout_basic, nicolae_overflow_crystal_walls,
          mainiacjoe_overflow_alcove_1, serial_shops, shop_fountains
D:4:      layout_loops_ring, mainiacjoe_overflow_paths, kennysheep_minor_cross,
          uniq_eustachio, uniq_robin
D:5:      layout_loops_ring, nicolae_shop_self_help, uniq_pikel
D:6:      layout_basic, general_overflow_altar, vehumet_statue,
          minmay_temple_entry_drinking_statues, uniq_jeremiah,
          uniq_crazy_yiuf_cottage
D:7:      minmay_the_grid_triangle_9x9_rhombus_full
          [minmay_the_grid_triangle_9x9_flanged_cone,
          minmay_the_grid_triangle_9x9_corrupted_corridor,
          minmay_the_grid_triangle_9x9_limited_checkers,
          minmay_the_grid_triangle_9x9_dagger,
          minmay_the_grid_triangle_9x9_corruption,
          minmay_the_grid_triangle_9x9_from_above,
          minmay_the_grid_triangle_9x9_fully_insulated_deathbox,
          minmay_the_grid_triangle_9x9_prize_schism], layout_loops_ring,
          lemuel_blue_sif_altar, minitemple, serial_shops,
          nicolae_shop_real_fake_doors, uniq_prince_ribbit1
D:8:      layout_rooms, lemuel_doored_altar, lemuel_tele_altar,
          trog_butcher_becter, serial_shops, nicolae_shop_trees
D:9:      layout_layer_cave, amcnicky_mini_pool_medium
Temple:   hellmonk_temple_of_storms

Skill      XL: |  1  2  3  4  5  6  7  8  9 10 |
---------------+-------------------------------+-----
Stealth        | 5 6 7 8 11 | 11.8
Short Blades   | 2 3 4 5 7 8 |  8.0
Ice Magic      | 1 |  1.0
Hexes          | 5 8 9 |  9.0
Dodging        | 3 5 7 |  7.0
Fighting       | 4 5 |  5.0
Spellcasting   | 4 |  4.5
Necromancy     | 2 5 6 |  6.6

Action                     |  1- 3 |  4- 6 |  7- 9 | 10-12 || total
---------------------------+-------+-------+-------+-------++-------
  Melee: Dagger            |    66 |    85 |   120 |   101 ||   372
         Bite              |     4 |     4 |    11 |     7 ||    26
   Cast: Ensorcelled Hiber |     4 |    18 |    50 |    48 ||   120
         Confusing Touch   |       |     1 |     6 |     3 ||    10
         Animate Dead      |       |       |       |     3 ||     3
Ability: Exsanguinate      |     1 |       |       |       ||     1
    Use: Scroll            |       |     6 |     4 |     3 ||    13
         Potion            |       |     1 |     2 |     1 ||     4
   Stab: Sleeping          |    12 |    25 |    56 |    36 ||   129
         Invisible         |       |     1 |       |     4 ||     5
         Confused          |       |     1 |     7 |       ||     8
         Distracted        |       |       |     1 |       ||     1
 Armour: Robe              |    24 |    44 |    55 |    78 ||   201
  Dodge: Dodged            |    41 |    39 |    56 |   116 ||   252

Table legend: (Time is in decaauts)
 A = Elapsed time spent in this place.
 B = Non-inter-level travel time spent in this place.
 C = Inter-level travel time spent in this place.
 D = Time resting spent in this place.
 E = Time spent auto-exploring this place.
 F = Levels seen in this place.
 G = Mean time per level.
                   A        B        C        D        E       F      G
               +--------+--------+--------+--------+--------+-----+--------+
         Total |   7565 |   7187 |    378 |    122 |   5588 |  10 |  756.5 |
       Dungeon |   7563 |   7185 |    378 |    122 |   5588 |   9 |  840.3 |
        Temple |      1 |      1 |      0 |      0 |      0 |   1 |    1.0 |
               +--------+--------+--------+--------+--------+-----+--------+

Top non-repeatable levels by time:
     D:7: 1276 daAuts
     D:4: 1040 daAuts
     D:6: 881 daAuts
     D:1: 881 daAuts
     D:5: 879 daAuts
     D:9: 834 daAuts
     D:8: 731 daAuts
     D:2: 568 daAuts
     D:3: 470 daAuts
  Temple: 1 daAuts
